 Dungeon Crawl Stone Soup version 0.31-a0-216-g22e908daa7 (webtiles) character file.

Game seed: 9972281177425225747

263 qw the Shooter (level 5, -5/45 HPs)
             Began as a Minotaur Hexslinger on July 1, 2023.
             Slain by a lemure (8 damage)
             ... led by Pikel
             ... on level 5 of the Dungeon.
             The game lasted 00:01:25 (4504 turns).

qw the Shooter (Minotaur Hexslinger)                Turns: 4504, Time: 00:01:26

Health: -5/45      AC:  3    Str: 10 (12) XL:     5   Next: 97%
Magic:  5/5        EV: 11    Int: 10      God:
Gold:   166        SH:  0    Dex: 12 (15) Spells: 5/6 levels left

rFire   . . .        Y - +4 shortbow (freeze)
rCold   . . .        (shield currently unavailable)
rNeg    . . .        f - +0 leather armour {rPois}
rPois   +            (helmet restricted)
rElec   .            (no cloak)
rCorr   .            (no gloves)
SInv    .            (no boots)
Will    .....        (no amulet)
Stlth   +            (no ring)
HPRegen 0.27/turn    (no ring)
MPRegen 0.09/turn

%: no passive effects
@: no status effects
A: horns 2, retaliatory headbutt
a: no special abilities


You were on level 5 of the Dungeon.
You visited 1 branch of the dungeon, and saw 5 of its levels.

You collected 262 gold pieces.
You spent 96 gold pieces at shops.


Innate Abilities, Weirdness & Mutations

You have a pair of horns on your head.
You reflexively headbutt those who attack you in melee.


   Skills:
 + Level 3.6 Fighting
 - Level 6.0 Ranged Weapons
 - Level 1.0 Armour
 - Level 2.1 Dodging
 - Level 1.0 Spellcasting
 - Level 2.0 Hexes


You had 5 spell levels left.
You knew the following spells:

 Your Spells              Type           Power      Damage    Failure   Level
a - Slow                  Hex            16%        N/A       21%         1

Your spell library contained the following spells:

 Spells                   Type           Power      Damage    Failure   Level
 Inner Flame              Hex/Fire       2%         N/A       67%         3
 Portal Projectile        Hex/Tloc       4%         N/A       67%         3
 Cause Fear               Hex            2%         N/A       90%         4

Inventory:

Hand Weapons
 Y - a +4 shortbow of freezing (weapon)
Armour
 f - a +0 leather armour of poison resistance (worn)
 g - a +0 ring mail
Scrolls
 a - 2 scrolls of identify
Potions
 c - a potion of might
 e - a potion of cancellation
 h - 4 potions of curing
 i - a potion of resistance

Dungeon Overview and Level Annotations

Branches:
Dungeon (5/15)
 Temple: D:4-7

Altars:
Gozag
Hepliaklqana
Makhleb
Ru
Sif Muna
Trog
Uskayaw

Shops:
D:1 [   D:4 *

Annotations:
D:3 1 runed translucent door, Crazy Yiuf
D:5 Pikel


Message History

You shoot an arrow. The arrow closely misses the lemure.
The lemure shouts!
An orc comes into view. It is wielding a +0 club.
The orc shouts!
Pikel, Merchant of Souls comes into view.
He is wielding a +1 whip of freezing.
You shoot an arrow. The arrow hits Pikel.
The arrow freezes Pikel.
Pikel is lightly wounded.
You shoot an arrow. The arrow closely misses the orc.
You shoot an arrow. The arrow closely misses the orc.
You shoot an arrow. The arrow closely misses the lemure.
You shoot an arrow. The arrow closely misses the lemure.
The lemure closely misses you.
The lemure hits the plant.
The plant begins to die.
You shoot an arrow. The arrow barely misses the lemure.
The lemure hits you!
The lemure hits the plant!
You shoot an arrow. The arrow hits the lemure!
The arrow freezes the lemure.
The lemure is severely wounded.
The lemure hits you but does no damage.
The lemure hits the plant.
You shoot an arrow. The arrow hits the lemure.
The arrow freezes the lemure.
The lemure is almost dead.
The lemure hits you!
You shoot an arrow. The arrow barely misses the lemure.
A nearby plant withers and dies.
The lemure hits you but does no damage.
You shoot an arrow. The arrow closely misses the lemure.
The lemure hits you but does no damage. The lemure hits you.
A lemure comes into view.
You shoot an arrow. The arrow hits the lemure.
The arrow freezes the lemure.
You kill the lemure!
That felt strangely unrewarding.
The lemure hits you! The lemure hits you. The lemure hits you!
You shoot an arrow. The arrow hits the lemure.
The arrow freezes the lemure.
The lemure is heavily wounded.
The lemure hits you. The lemure misses you.
Pikel hits you with a +1 whip of freezing.
Pikel freezes you.
You shoot an arrow.
The arrow hits the lemure but does no damage.
The lemure is heavily wounded.
The lemure hits you!
You die...

#.......######.
#...............
#.......####....
###...#.........
#...#.####....
#####.### [
###.##P#
##_._._###.#..
#P...5@5....#
#P..}..K#..!..
##..P..#P.....
###+###..5...
..... ....# ..##
...


You could see Pikel and 3 lemures.

Vanquished Creatures
  A lemure (D:5)
  A hound (D:4)
  An iguana (D:4)
  Terence (D:3)
  Robin (D:3)
  4 adders
  A gnoll (D:1)
  A white imp (D:3)
  2 dart slugs
  9 orcs
  9 endoplasms
  3 giant cockroaches (D:1)
  11 goblins
  15 hobgoblins
  3 jackals (D:1)
  7 kobolds
  5 quokkas
  10 ball pythons
  4 bats
  A frilled lizard (D:2)
  5 rats
95 creatures vanquished.

Notes
Turn   | Place    | Note
-------+----------+-------------------------------------------
     0 | D:1      | qw the Minotaur Hexslinger began the quest for the Orb.
     0 | D:1      | Reached XP level 1. HP: 16/16 MP: 1/1
     0 | D:1      | 0 ||| qw: Version: 0.3-a-35-g05ef00e
     0 | D:1      | 0 ||| qw: Game counter: 7739
     0 | D:1      | 0 ||| qw: Melee chars always use a shield: true
     0 | D:1      | 0 ||| qw: God list: Okawaru
     0 | D:1      | 0 ||| qw: Allow faded altars: false
     0 | D:1      | 0 ||| qw: Do Orc after clearing Dungeon:15 true
     0 | D:1      | 0 ||| qw: Do second Lair branch before Depths: true
     0 | D:1      | 0 ||| qw: Lair rune preference: random
     0 | D:1      | 0 ||| qw: Goals: Normal
     0 | D:1      | 0 ||| PLANNING D:1-11
   139 | D:1      | Found Izumag's Antique Armour Shop.
   144 | D:1      | 144 ||| SHOPLISTING pair of embroidered gloves (165 gold,
                  | have 28).
   144 | D:1      | 144 ||| SHOPLISTING ring mail (88 gold, have 28).
   252 | D:1      | Reached skill level 3 in Ranged Weapons
   257 | D:1      | Reached XP level 2. HP: 18/23 MP: 2/2
   598 | D:1      | Reached XP level 3. HP: 29/29 MP: 3/3
   963 | D:1      | 963 ||| DROPPING amulet of magic regeneration.
   964 | D:1      | 964 ||| READING 2 scrolls labelled KAHAPHY TOCO.
   965 | D:1      | 965 ||| READING scroll labelled RIWOAT KAOGO.
   966 | D:1      | 966 ||| DRINKING 3 murky grey potions.
   967 | D:1      | 967 ||| DROPPING scroll of poison.
  1057 | D:2      | 1057 ||| STAIRDANCE
  1065 | D:1      | Reached skill level 4 in Ranged Weapons
  1173 | D:2      | HP: 7/29 [poisoned by an adder]
  1193 | D:2      | 1193 ||| FLEEEEING.
  1304 | D:2      | Reached XP level 4. HP: 36/36 MP: 4/4
  1963 | D:2      | 1963 ||| UPGRADING to +0 leather armour.
  1973 | D:2      | 1973 ||| DROPPING +0 robe.
  1974 | D:2      | 1974 ||| UPGRADING to +0 ring mail.
  1984 | D:2      | 1984 ||| DROPPING +0 leather armour.
  1985 | D:2      | 1985 ||| READING scroll labelled VEUNWOQUGU.
  2097 | D:3      | Noticed Robin
  2109 | D:3      | Reached skill level 1 in Armour
  2112 | D:3      | Killed Robin
  2141 | D:3      | 2141 ||| FLEEEEING.
  2142 | D:3      | 2142 ||| FLEEEEING.
  2152 | D:3      | 2152 ||| STAIRDANCE
  2179 | D:3      | Reached skill level 5 in Ranged Weapons
  2441 | D:3      | Found an opulent altar of Gozag.
  2900 | D:3      | Reached skill level 3 in Fighting
  2900 | D:3      | Reached XP level 5. HP: 37/45 MP: 5/5
  2984 | D:3      | Noticed Terence
  2995 | D:3      | Killed Terence
  3014 | D:3      | Found a bloodstained altar of Trog.
  3086 | D:3      | Found a shimmering blue altar of Sif Muna.
  3301 | D:3      | Found a runed translucent door.
  3302 | D:3      | Noticed Crazy Yiuf
  3537 | D:3      | 3537 ||| DRINKING 2 murky inky potions.
  3538 | D:3      | 3538 ||| DRINKING 2 cyan potions.
  3539 | D:3      | 3539 ||| READING 3 scrolls of identify.
  3539 | D:3      | 3539 ||| IDENTIFYING red potion
  3540 | D:3      | 3540 ||| READING 2 scrolls of identify.
  3540 | D:3      | 3540 ||| IDENTIFYING murky golden potion
  3541 | D:3      | 3541 ||| DROPPING potion of degeneration.
  3542 | D:3      | 3542 ||| DROPPING potion of attraction.
  3623 | D:4      | Found a hide-covered altar of Uskayaw.
  3816 | D:4      | Found Rejoli's General Store.
  3821 | D:4      | 3821 ||| BUYING +0 leather armour of poison resistance (72
                  | gold).
  3821 | D:4      | Bought a +0 leather armour of poison resistance for 72 gold
                  | pieces
  3821 | D:4      | 3821 ||| SHOPLISTING amulet of faith (480 gold, have 154).
  3821 | D:4      | 3821 ||| BUYING scroll of identify (24 gold).
  3821 | D:4      | Bought a scroll of identify for 24 gold pieces
  4058 | D:4      | HP: 8/45 [orc/+2 hand axe of flaming (7)]
  4059 | D:4      | 4059 ||| DRINKING potion of heal wounds.
  4066 | D:4      | Reached skill level 6 in Ranged Weapons
  4398 | D:4      | 4398 ||| UPGRADING to +0 leather armour of poison
                  | resistance.
  4408 | D:4      | 4408 ||| READING scroll labelled ESAMEMUIPH.
  4408 | D:4      | Identified a scroll of acquirement
  4408 | D:4      | 4408 ||| ACQUIRING +3 shortbow of freezing
  4408 | D:4      | Acquired a +3 shortbow of freezing
  4410 | D:4      | 4410 ||| SWAPPING to +3 shortbow of freezing.
  4411 | D:4      | 4411 ||| DROPPING +1 sling.
  4412 | D:4      | 4412 ||| READING scroll labelled SOTOXTU GILEEH.
  4413 | D:4      | 4413 ||| READING scroll labelled OPPOONURET.
  4414 | D:4      | 4414 ||| DRINKING 2 pink potions.
  4415 | D:4      | 4415 ||| READING 3 scrolls of identify.
  4415 | D:4      | 4415 ||| IDENTIFYING fizzy blue potion
  4468 | D:5      | Entered Level 5 of the Dungeon
  4475 | D:5      | Found a burning altar of Makhleb.
  4479 | D:5      | Found a sacrificial altar of Ru.
  4480 | D:5      | Found a hazy altar of Hepliaklqana.
  4483 | D:5      | Noticed a lemure
  4483 | D:5      | Noticed a lemure
  4486 | D:5      | Noticed a lemure
  4491 | D:5      | Noticed Pikel
  4501 | D:5      | Noticed a lemure
  4502 | D:5      | Killed a lemure
  4502 | D:5      | HP: 11/45 [lemure[Pikel] (8)]
  4503 | D:5      | HP: 4/45 [Pikel/+1 whip of freezing (3)]
  4504 | D:5      | Slain by a lemure

Levels and vault maps discovered:
D:1:      wander_arrival_peaceful_grave, layout_basic, serial_shops,
          nicolae_shop_hallway_stairs, basic_ecumenical_altar
D:2:      layout_basic, chequers_decorated_corner, minmay_misc_feat_roman,
          amcnicky_mini_corridor_feature, nicolae_concentric_dashed_squares_mild
D:3:      layout_loops_corners, nzn_overflow_gifts_of_might_and_magic,
          mainiacjoe_overflow_brackets, uniq_robin, uniq_crazy_yiuf_cottage
D:4:      layout_loops_ring, mainiacjoe_overflow_alcove_2, serial_shops, shop
D:5:      layout_loops_ring, gammafunk_temple_overflow_elements,
          gammafunk_temple_overflow_forgotten, kennysheep_windowed_goal,
          uniq_pikel, uniq_edmund

Skill      XL: |  1  2  3  4  5 |
---------------+----------------+-----
Ranged Weapons | 3 4 5 6 |  6.0
Fighting       | 2 3 |  3.6
Armour         | 1 |  1.0
Dodging        | |  2.1
Spellcasting   | |  1.0
Hexes          | |  2.0

Action                     |  1- 3 |  4- 6 || total
---------------------------+-------+-------++-------
   Fire: Sling             |    93 |   179 ||   272
         Shortbow          |       |    17 ||    17
    Use: Scroll            |     2 |     7 ||     9
         Potion            |     1 |     4 ||     5
 Armour: Robe              |    12 |     1 ||    13
         Ring mail         |       |    27 ||    27
         Leather armour    |       |     3 ||     3
  Dodge: Dodged            |    39 |    63 ||   102

Table legend:
 A = Non-vault XP
 B = Vault XP
 C = Vault XP percentage of total XP
 D = Non-vault monster count
 E = Vault monster count
 F = Vault count percentage of total count
                 A         B        C        D         E       F
            +---------+---------+-------+---------+---------+-------
      Total |     293 |      83 |  22.1 |      80 |      14 |  14.9
            +---------+---------+-------+---------+---------+-------
        D:1 |      69 |       0 |   0.0 |      25 |       0 |   0.0
        D:2 |      46 |       0 |   0.0 |      19 |       0 |   0.0
        D:3 |      62 |      83 |  57.2 |      19 |      14 |  42.4
        D:4 |     116 |       0 |   0.0 |      17 |       0 |   0.0
            +---------+---------+-------+---------+---------+-------
